 Dungeon Crawl Stone Soup version 0.23.2-1-ga50397a (webtiles) character file.

Game seed: 4257641752539567251

602 MalarOregon the Spear-Bearer (level 7, -1/59 HPs)
             Began as a Merfolk Gladiator on May 15, 2019.
             Slain by a sky beast (5 damage)
             ... on level 5 of the Dungeon.
             The game lasted 00:04:37 (3030 turns).

MalarOregon the Spear-Bearer (Merfolk Gladiator)    Turns: 3030, Time: 00:04:37

Health: -1/59      AC:  6    Str: 15    XL:     7   Next: 41%
Magic:  7/7        EV: 14    Int:  9    God:
Gold:   227        SH:  0    Dex: 15    Spells: 6/6 levels left

rFire    . . .     SeeInvis .   a - +3 trident
rCold    . . .     Gourm    .   (no shield)
rNeg     . . .     Faith    .   b - +0 leather armour
rPois    .         Spirit   .   c - +0 helmet
rElec    .         Reflect  .   (no cloak)
rCorr    .         Harm     .   l - +0 pair of gloves
MR       .....                  j - +0 pair of boots
Stlth    +.........             (no amulet)
HPRegen  0.19/turn              (no ring)
MPRegen  0.10/turn              (no ring)

@: no status effects
A: change form in water, swift swim, stealthy swim
a: no special abilities


You were on level 5 of the Dungeon.
You were not hungry.

You visited 1 branch of the dungeon, and saw 5 of its levels.

You collected 227 gold pieces.

Inventory:

Hand Weapons
 a - a +3 trident (weapon)
Missiles
 d - 3 throwing nets (quivered) {!f}
Armour
 b - a +0 leather armour (worn)
 c - a +0 helmet (worn)
 j - a +0 pair of boots (worn)
   (You found it on level 1 of the Dungeon)
 l - a +0 pair of gloves (worn)
   (You found it on level 1 of the Dungeon)
Scrolls
 g - a scroll of fog
 h - 3 scrolls of teleportation {@r4}
 k - 5 scrolls of remove curse {@r2}
 p - a scroll of identify {@r1}
 q - a scroll of enchant weapon
Potions
 f - 5 potions of curing {@q1}
 i - a potion of flight {unknown}
 m - a potion of agility
 o - a potion of degeneration {unknown}
Comestibles
 e - 6 rations {!d}
 n - 9 chunks of flesh


   Skills:
 + Level 6.3 Fighting
 + Level 9.0 Polearms
 - Level 2.0 Throwing
 - Level 4.0 Dodging


You had 6 spell levels left.
You didn't know any spells.
Your spell library was empty.

Dungeon Overview and Level Annotations

Branches:
Dungeon (5/15)             Temple (0/1) D:5

Altars:
Ru
Vehumet

Annotations:
D:2 Terence


Message History

You hit the iguana. The iguana barely misses you.
You puncture the iguana!
You kill the iguana!
Your Polearms skill increases to level 9!
You barely miss something. Something hits you. Something shocks you.
* * * LOW HITPOINT WARNING * * *
You miss something. Something hits you.
* * * LOW HITPOINT WARNING * * *
Something shocks you.
* * * LOW HITPOINT WARNING * * *
You closely miss something. Something hits you.
* * * LOW HITPOINT WARNING * * *
Something shocks you.
* * * LOW HITPOINT WARNING * * *
You barely miss something. Something hits you but does no damage.
Unknown command.
Okay, then.
You see here an arrow.
Things that are here:
a +0 shortbow; 13 arrows; a centaur skeleton Attack whom?
Aim: a sky beast You reach to attack!
You hit the sky beast.
The sky beast flickers out of sight!
Attack whom?
Okay, then.
You hear the rusting of a very distant drain.
A sky beast appears from thin air!
Reactivating autopickup.
You hit the sky beast. The sky beast closely misses you.
You hit the sky beast. The sky beast completely misses you.
You closely miss the sky beast.
The sky beast hits you but does no damage.
You closely miss the sky beast. The sky beast hits you.
* * * LOW HITPOINT WARNING * * *
The sky beast shocks you.
* * * LOW HITPOINT WARNING * * *
You closely miss the sky beast.
The sky beast flickers out of sight!
Deactivating autopickup; reactivate with Ctrl-A.
There is a staircase to the Ecumenical Temple here.
Something hits you.
* * * LOW HITPOINT WARNING * * *
Something shocks you.
You die...

#.# ###.#.######.#
#.# #...#........#
#.#
#.#..#..#..##########
#.#
#.##.##.##.##........
#.#
#.#.........#.#######
#.# #.............#
#.# #.#..⌠...⌠.[#.#
#.# #.#.........#.#
#.# #...@..>......#
#.# #.#.........#.#
#.# #.#..⌠...⌠..#.#
#.# #.............#
#.# #.#.........###
#.# #.##.##.##.## #.#
# .........# #.#
########### #.#


There were no monsters in sight!

Vanquished Creatures
  A phantom (D:4)
  A centaur (D:5)
  A bullfrog (D:5)
  A scorpion (D:3)
  A hound (D:4)
  A centaur skeleton (D:4)
  A bullfrog skeleton (D:4)
  2 iguanas (D:5)
  An orc wizard (D:2)
  7 adders
  An ooze (D:3)
  An adder zombie (D:5)
  An adder skeleton (D:5)
  A worm (D:4)
  A dart slug (D:1)
  4 leopard geckos
  4 orcs
  6 giant cockroaches
  8 goblins
  6 hobgoblins
  5 jackals
  6 bats
  2 frilled lizards (D:1)
  9 kobolds
  A quokka zombie (D:5)
  8 rats
81 creatures vanquished.

Notes
Turn   | Place    | Note
-------+----------+-------------------------------------------
     0 | D:1      | MalarOregon the Merfolk Gladiator began the quest for the
                  | Orb.
     0 | D:1      | Reached XP level 1. HP: 16/16 MP: 1/1
   140 | D:1      | Reached XP level 2. HP: 12/23 MP: 2/2
   332 | D:1      | Reached skill level 5 in Polearms
   479 | D:1      | Reached XP level 3. HP: 29/29 MP: 3/3
   895 | D:2      | Noticed Terence
  1386 | D:2      | Reached XP level 4. HP: 35/35 MP: 4/4
  1556 | D:2      | Reached skill level 6 in Polearms
  1827 | D:3      | Reached XP level 5. HP: 40/42 MP: 5/5
  1980 | D:3      | Found a sacrificial altar of Ru.
  2277 | D:3      | Reached skill level 7 in Polearms
  2312 | D:4      | Reached XP level 6. HP: 27/50 MP: 6/6
  2424 | D:4      | Reached skill level 5 in Fighting
  2630 | D:4      | Noticed a phantom
  2642 | D:4      | Killed a phantom
  2642 | D:4      | Reached skill level 8 in Polearms
  2709 | D:5      | Entered Level 5 of the Dungeon
  2788 | D:5      | Found a staircase to the Ecumenical Temple.
  2892 | D:5      | Reached XP level 7. HP: 57/57 MP: 7/7
  2945 | D:5      | Found a radiant altar of Vehumet.
  2985 | D:5      | Reached skill level 9 in Polearms
  3030 | D:5      | Slain by a sky beast

Skill      XL: |  1  2  3  4  5  6  7 |
---------------+----------------------+-----
Polearms       | 5 6 7 8 9 |  9.0
Fighting       | 3 4 5 6 |  6.3
Throwing       | |  2.0
Dodging        | |  4.0

Action                   |  1- 3 |  4- 6 |  7- 9 || total
-------------------------+-------+-------+-------++-------
Melee: Trident           |   147 |   134 |    31 ||   312
  Use: Scroll            |     7 |     3 |       ||    10
 Stab: Sleeping          |     3 |     2 |       ||     5
  Eat: Chunk             |     2 |     5 |       ||     7
Armor: Leather armour    |    41 |    27 |     6 ||    74
Dodge: Dodged            |   119 |    70 |    23 ||   212
